 Dungeon Crawl Stone Soup version 0.19.4 (webtiles) character file.

395 Raymar the Covert (level 6, -9/31 HPs)
             Began as a Spriggan Assassin on Feb 5, 2017.
             Was an Initiate of Makhleb.
             Mangled by Menkaure (15 damage)
             ... on level 5 of the Dungeon.
             The game lasted 00:15:14 (5330 turns).

Raymar the Covert (Spriggan Assassin)               Turns: 5330, Time: 00:15:15

Health: -9/31      AC:  3    Str:  7    XL:     6   Next: 52%
Magic:  6/6        EV: 21    Int: 13    God:    Makhleb [......]
Gold:   106        SH:  0    Dex: 19    Spells: 0 memorised, 5 levels left

rFire  . . .     SeeInvis +     a - +2 dagger
rCold  . . .     Gourm    .     c - +0 robe
rNeg   . . .     Faith    .     (shield restricted)
rPois  .         Spirit   .     (helmet restricted)
rElec  .         Reflect  .     d - +0 cloak
rCorr  .         Harm     .     (gloves unavailable)
MR     +....                    (boots unavailable)
Stlth  ++++......               (no amulet)
                                (no ring)
                                (no ring)

@: very slightly contaminated, hasted, very quick
A: unfitting armour, see invisible, herbivore 3, speed 3, low mp 1, screaming 1,
slow metabolism 2
a: Renounce Religion


You were on level 5 of the Dungeon.
You worshipped Makhleb.
Makhleb was noncommittal.
You were not hungry.

You visited 2 branches of the dungeon, and saw 6 of its levels.
You also visited: Sewer.

You collected 106 gold pieces.

Inventory:

Hand Weapons
 a - a +2 dagger (weapon)
 b - a +0 blowgun
Missiles
 e - 53 poisoned needles
 f - 2 curare-tipped needles
Armour
 c - a +0 robe (worn)
 d - a +0 cloak (worn)
Jewellery
 i - an uncursed amulet of guardian spirit {unknown}
Scrolls
 k - 2 scrolls of teleportation
 l - a scroll of fog
 n - 2 scrolls of remove curse
Potions
 h - 2 potions of flight
Comestibles
 g - a bread ration


   Skills:
 + Level 2.3 Fighting
 + Level 3.9 Short Blades
 + Level 2.1 Throwing
 * Level 5.2 Dodging
 * Level 8.9 Stealth


You had 5 spell levels left.
You didn't know any spells.

Dungeon Overview and Level Annotations

Branches:
Dungeon (5/15)             Temple (1/1) D:5

Altars:
Cheibriados
Fedhas
Hepliaklqana
Kikubaaqudgha
Makhleb
Nemelex Xobeh
Okawaru
Qazlal
Ru
Sif Muna
Trog
Uskayaw
Vehumet
Xom
Yredelemnul
Zin
The Shining One

Annotations:
D:5 Menkaure


Innate Abilities, Weirdness & Mutations

You are very small and have problems with some larger weapons.
You are too small for most types of armour.
You have supernaturally acute eyesight. (SInv)
You are a herbivore.
You cover ground extremely quickly.
You need consume almost no food.
Your magical capacity is low. (-10% MP)
You occasionally shout uncontrollably at your foes.


Message History

Menkaure misses you.
You hit Menkaure.
Menkaure is moderately damaged.
Menkaure closely misses you.
You closely miss Menkaure.
Menkaure is moderately damaged.
Menkaure hits you!
* * * LOW HITPOINT WARNING * * *
You hit Menkaure.
Menkaure is heavily damaged.
Menkaure misses you.
You barely miss Menkaure.
Menkaure is heavily damaged.
Menkaure misses you.
You feel yourself speed up. Menkaure misses you.
You are very lightly contaminated with residual magic.
You hit Menkaure.
Menkaure is heavily damaged.
Menkaure hits you!
You die...

...?.......# #.##...
............# #.##...
............#######.##...
............#....##.##...
............#.##.#...'...
............#.##.#..##..[
............'.##.#..##...
.......M....####.#..##...
........@...# #.#..##...
............# #.#...###+
............# #.....#...
............# #####.#.#.
............# #.#.##
............# #.#...
############# #.####
#..... ######


You could see Menkaure.

Vanquished Creatures
  A big kobold (Sewer)
  A hound (D:4)
  An orc wizard (D:5)
  5 worker ants (D:4)
  3 river rats
  3 adders
  2 shadow imps (D:5)
  An ooze (D:2)
  An adder skeleton (D:5)
  A worm (D:3)
  2 dart slugs
  2 leopard geckos (D:4)
  5 orcs
  2 giant cockroaches
  4 goblins
  10 hobgoblins
  2 jackals (Sewer)
  A ball python (D:1)
  8 bats
  A frilled lizard (D:3)
  10 kobolds
  A leopard gecko skeleton (D:4)
  10 rats
77 creatures vanquished.

Notes
Turn   | Place    | Note
-------+----------+-------------------------------------------
     0 | D:1      | Raymar the Spriggan Assassin began the quest for the Orb.
     0 | D:1      | Reached XP level 1. HP: 10/10 MP: 2/2
    12 | D:1      | Reached skill level 6 in Stealth
   371 | D:1      | Reached XP level 2. HP: 14/14 MP: 3/3
  1062 | D:1      | Reached skill level 7 in Stealth
  1062 | D:1      | Reached XP level 3. HP: 18/18 MP: 4/4
  1360 | D:2      | Found a shimmering altar of Xom.
  1360 | D:2      | Found a shimmering altar of Xom.
  1361 | D:2      | Found a shimmering altar of Xom.
  1367 | D:2      | Found a shimmering altar of Xom.
  1370 | D:2      | Found a shimmering altar of Xom.
  1387 | D:2      | You fall through a shaft for 2 floors!
  1411 | D:4      | Reached XP level 4. HP: 7/23 MP: 5/5
  1645 | D:4      | Noticed a phantom
  1674 | D:4      | Found a glowing drain.
  1698 | D:4      | Gained mutation: Your magical capacity is low. (-10% MP) [potion of mutation]
  1698 | D:4      | Gained mutation: You occasionally shout uncontrollably at your foes. [potion of mutation]
  1728 | Sewer    | Entered a sewer
  1748 | Sewer    | Reached XP level 5. HP: 17/26 MP: 5/5
  2076 | Sewer    | Reached skill level 8 in Stealth
  2232 | Sewer    | Found a glowing silver altar of Zin.
  2340 | D:4      | Found a hazy altar of Hepliaklqana.
  2341 | D:4      | Found a shimmering altar of Xom.
  2341 | D:4      | Noticed an unseen horror
  2342 | D:4      | Noticed a spectral ugly thing
  2342 | D:4      | Noticed an unseen horror
  2662 | D:3      | Found a hide-covered altar of Uskayaw.
  3316 | D:3      | Found a blossoming altar of Fedhas.
  3775 | D:4      | Reached XP level 6. HP: 12/30 MP: 6/6
  4175 | D:4      | Reached skill level 5 in Dodging
  4368 | D:5      | Entered Level 5 of the Dungeon
  4496 | D:5      | Found a staircase to the Ecumenical Temple.
  4504 | Temple   | Entered the Ecumenical Temple
  4810 | Temple   | Became a worshipper of Makhleb the Destroyer
  5304 | D:5      | Noticed Menkaure
  5304 | D:5      | Noticed a sky beast
  5330 | D:5      | Mangled by Menkaure

Skill      XL: |  1  2  3  4  5  6 |
---------------+-------------------+-----
Stealth        | 6 7 8 |  8.9
Dodging        | 3 4 5 |  5.2
Short Blades   | 3 |  3.9
Fighting       | 2 |  2.3
Throwing       | |  2.1

Action                   |  1- 3 |  4- 6 || total
-------------------------+-------+-------++-------
Melee: Dagger            |   146 |   308 ||   454
 Fire: Blowgun           |       |     3 ||     3
  Use: Scroll            |     6 |     3 ||     9
       Potion            |       |    15 ||    15
 Stab: Sleeping          |     9 |    11 ||    20
       Distracted        |       |     1 ||     1
  Eat: Bread ration      |     1 |       ||     1
Armor: Robe              |    28 |    14 ||    42
Dodge: Dodged            |    97 |   213 ||   310
